 Dungeon Crawl Stone Soup version 0.16.0-17-g811c1d7 (webtiles) character file.

3378 valak23 the Nimble (level 9, 0/75 HPs)
             Began as a Red Draconian Fighter on Mar 21, 2015.
             Was a Believer of Dithmenos.
             Slain by a yak (5 damage)
             ... on level 8 of the Dungeon.
             The game lasted 00:26:46 (5906 turns).

valak23 the Nimble (Red Draconian Fighter)          Turns: 5906, Time: 00:26:46

Health: 0/75       AC: 10    Str: 22    XL:     9   Next: 74%
Magic:  0/9        EV:  2    Int: 13    God:    Dithmenos [**....]
Gold:   378        SH:  0    Dex: 11    Spells: 1 memorised, 6 levels left

rFire  + . .     SeeInvis .     r - +9 club
rCold  . . .     Clarity  .     (armour unavailable)
rNeg   + + +     SustAb   .     c - +1 shield
rPois  ∞         Gourm    .     (helmet restricted)
rElec  .         Spirit   +     K - +0 cloak
rCorr  .         Warding  .     b - +0 pair of gloves
rMut   .         Stasis   .     d - +0 pair of boots
MR     .....                    q - amulet of guardian spirit
Stlth  +.........               (no ring)
                                u - +5 ring of intelligence

@: petrified, wreathed by umbra, not resistant to hostile enchantments, very
unstealthy
A: breathe fire, unfitting armour, fire resistance 1, spit poison 1,
cold-blooded, AC +7
a: Spit Poison, Breathe Fire, Shadow Step, Renounce Religion


You were on level 8 of the Dungeon.
You worshipped Dithmenos.
Dithmenos was pleased with you.
You were completely stuffed.

You visited 1 branch of the dungeon, and saw 8 of its levels.
You also visited: Sewer.

You collected 432 gold pieces.
You spent 54 gold pieces at shops.

Inventory:

Hand weapons
 a - a +1 war axe
 h - the +1 dagger of the Forsaken Tales {holy, +Rage rN++}
   (You found it on level 4 of the Dungeon)

   It has been blessed by the Shining One to cause great damage to the undead
   and demons.
   It greatly protects you from negative energy.
   It lets you go berserk.
 r - a +9 club (weapon)
 w - a +0 battleaxe
Armour
 b - a +0 pair of gloves (worn)
 c - a +1 shield (worn)
 d - a +0 pair of boots (worn)
 K - a +0 cloak (worn)
Magical staves
 M - an uncursed staff of summoning {unknown}
Jewellery
 q - an amulet of guardian spirit (around neck)
 u - a +5 ring of intelligence (left hand)
Magical devices
 E - a wand of teleportation (4)
Scrolls
 k - a scroll of fog
 l - 10 scrolls of identify
 n - a scroll of enchant weapon
 o - 2 scrolls of remove curse
 v - 3 scrolls of immolation {unknown}
 x - a scroll of blinking
 y - 2 scrolls of teleportation
 C - a scroll of recharging
 D - a scroll of torment {unknown}
 G - a scroll of enchant armour
Potions
 e - 2 potions of might
 f - a potion of curing
 g - 3 potions of restore abilities {unknown}
 i - 3 potions of heal wounds {unknown}
 j - a potion of agility {unknown}
 s - a potion of flight {unknown}
 t - a potion of degeneration {unknown}
 B - a potion of lignification {unknown}
 F - a potion of poison {unknown}
 H - 3 potions of brilliance {unknown}
 I - a potion of mutation {unknown}
 J - a potion of cure mutation {unknown}
Books
 z - a book of Flames

   Spells                             Type                      Level
   a - Flame Tongue                   Conjuration/Fire             1
   b - Throw Flame                    Conjuration/Fire             2
   c - Conjure Flame                  Conjuration/Fire             3
   d - Inner Flame                    Hexes/Fire                   3
   e - Sticky Flame                   Conjuration/Fire             4
   f - Fireball                       Conjuration/Fire             5
   Dithmenos disapproves of the use of such an item.
 A - Sif Muna's Compendium of Dislocation and Good Luck
   (You found it on level 6 of the Dungeon)

   Spells                             Type                      Level
   a - Shroud of Golubria             Charms/Translocation         2
   b - Teleport Other                 Translocation                3
   c - Warp Weapon                    Charms/Translocation         5
   d - Gell's Gravitas                Hexes/Translocation          5
   e - Phase Shift                    Translocation                5
Comestibles
 m - 3 bread rations
 L - a meat ration


   Skills:
 + Level 6.3 Fighting
 - Level 2.1(4.8) Axes
 * Level 6.8(7.0) Maces & Flails
 + Level 8.0 Dodging
 - Level 0.2 Stealth
 + Level 7.9 Shields


You had 6 spell levels left.
You knew the following spells:

 Your Spells              Type           Power        Failure   Level  Hunger
a - Shroud of Golubria    Chrm/Tloc      #.........   92%         2    ###....


Dungeon Overview and Level Annotations

Branches:
Dungeon (8/15)             Temple (0/1) D:6            Lair (0/8) D:8

Altars:
Cheibriados
Dithmenos
Elyvilon
Nemelex Xobeh
Okawaru
Ru
Sif Muna
Trog
Yredelemnul
The Shining One

Shops:
D:8 [


Innate Abilities, Weirdness & Mutations

You can breathe blasts of fire.
Your fiery red scales are hard (AC +7).
Your body does not fit into most forms of armour.
Your flesh is heat resistant.
Your cold-blooded metabolism reacts poorly to cold.
You can spit poison.


Message History

* * * LOW HITPOINT WARNING * * *
The yak snorts and paws the ground.
The basilisk gazes at you.
You are slowing down.
The yak gores you.
* * * LOW HITPOINT WARNING * * *
The crocodile bites you.
* * * LOW HITPOINT WARNING * * *
Your limbs are stiffening.
Things that are here:
a flail; a throwing net; a flail You have turned to stone.
The crocodile bites you!
* * * LOW HITPOINT WARNING * * *
The yak gores you.
* * * LOW HITPOINT WARNING * * *
The crocodile bites you.
* * * LOW HITPOINT WARNING * * *
The yak gores you!
You die...

.# ... #.#.# .##... #.#.#
.[.... #.#.# # .#.#+ #.#.#
#.... .# .
#######.#.###....#.. .+
.....................+$.. .#
#.# #######.#.###....#.♣.P ##
#.# #..#(# #?......t.P #.#.#
#.##@###.......♣.. #.#.#
#.##Yt.Y.# ....... #.#.#
#.##.ll.Y##....♣.♣.
#.#.########.##.....Yl†......>
#.#........)..#.....#....P...♣
#.#.♣##########.....#........
#.#..# #.....#........ #..♣∩♣
#.....##....... #....# ##....#
##.P..


You could see 4 yaks, 3 basilisks and a crocodile.

Vanquished Creatures
  Grinder (D:3)
  3 yaks (D:8)
  Eustachio (D:6)
  The ghost of achirane the Skirmisher, an average DEFi (D:6)
  Edmund (D:7)
  2 water moccasins
  A porcupine (D:8)
  2 sky beasts
  An ogre (D:4)
  An orc warrior (D:7)
  A centaur (D:7)
  Duvessa (D:4)
  4 giant frogs
  A wyvern skeleton (D:6)
  A water moccasin skeleton (D:6)
  3 scorpions
  A goliath beetle (D:7)
  A giant frog zombie (D:8)
  Dowan (D:4)
  2 crimson imps
  2 hounds (D:7)
  A centaur zombie (D:5)
  A gnoll shaman (D:8)
  2 orc priests
  A centaur skeleton (D:4)
  2 orc wizards
  2 iguanas
  3 worker ants
  Ijyb (D:2)
  A hound zombie (D:5)
  2 hound skeletons
  14 gnolls
  14 adders
  2 worms (D:6)
  7 giant mites
  7 giant geckos
  15 orcs
  A ball python (Sewer)
  A bat skeleton (D:5)
  A bat zombie (D:5)
  8 giant cockroaches
  12 hobgoblins
  4 jackals (D:3)
  11 kobolds
  12 bats
  2 giant gecko skeletons (D:5)
  8 giant newts
  13 goblins
  A quokka (D:5)
  2 quokka skeletons
  12 rats
195 creatures vanquished.

Vanquished Creatures (others)
  A plant (D:8)
1 creature vanquished.

Grand Total: 196 creatures vanquished

Notes
Turn   | Place    | Note
--------------------------------------------------------------
     0 | D:1      | valak23, the Draconian Fighter, began the quest for the Orb.
     0 | D:1      | Reached XP level 1. HP: 19/19 MP: 1/1
   185 | D:1      | Reached XP level 2. HP: 13/26 MP: 2/2
   735 | D:2      | Noticed Ijyb
   739 | D:2      | Killed Ijyb
   739 | D:2      | Reached XP level 3. HP: 31/33 MP: 3/3
   952 | D:2      | Reached skill level 4 in Fighting
  1371 | D:2      | Reached XP level 4. HP: 40/40 MP: 4/4
  1590 | D:3      | Noticed Grinder
  1590 | D:3      | Paralysed by Grinder for 3 turns
  1596 | D:3      | Paralysed by Grinder for 5 turns
  1602 | D:3      | Killed Grinder
  1602 | D:3      | Reached XP level 5. HP: 10/47 MP: 5/5
  1602 | D:3      | Reached XP level 6. HP: 11/53 MP: 6/6
  2322 | D:4      | Got a bloodstained dagger
  2325 | D:4      | Identified the +1 dagger of the Forsaken Tales {holy, +Rage rN++} (You found it on level 4 of the Dungeon)
  2350 | D:4      | Found a snail-covered altar of Cheibriados.
  2492 | D:4      | Noticed Duvessa
  2492 | D:4      | Noticed Dowan
  2499 | D:4      | Killed Duvessa
  2499 | D:4      | Reached skill level 5 in Shields
  2499 | D:4      | Your scales start taking on a fiery red colour.
  2499 | D:4      | Gained mutation: Your flesh is heat resistant. [draconian maturity]
  2499 | D:4      | Reached XP level 7. HP: 53/60 MP: 7/7
  2506 | D:4      | Killed Dowan
  2531 | D:4      | Found a shadowy altar of Dithmenos.
  2539 | D:4      | Became a worshipper of Dithmenos the Shadowed
  2907 | D:5      | Entered Level 5 of the Dungeon
  2936 | D:5      | Was placed under penance by Dithmenos
  2940 | D:5      | Was forgiven by Dithmenos
  2946 | D:5      | Reached skill level 5 in Dodging
  2978 | D:5      | Found a glowing golden altar of the Shining One.
  3139 | D:5      | Reached skill level 5 in Fighting
  3561 | D:5      | Reached XP level 8. HP: 65/68 MP: 6/8
  4062 | D:6      | Was placed under penance by Dithmenos
  4062 | D:6      | Was forgiven by Dithmenos
  4115 | D:6      | Found a bloodstained altar of Trog.
  4115 | D:6      | Found a white marble altar of Elyvilon.
  4137 | D:6      | Found a staircase to the Ecumenical Temple.
  4258 | D:6      | Reached skill level 6 in Dodging
  4282 | D:6      | Found a glowing drain.
  4296 | Sewer    | Entered a sewer
  4307 | Sewer    | Reached skill level 5 in Maces & Flails
  4549 | D:6      | Noticed Eustachio
  4557 | D:6      | Killed Eustachio
  4614 | D:6      | Identified Sif Muna's Compendium of Dislocation and Good Luck
  4620 | D:6      | Learned a level 2 spell: Shroud of Golubria
  4707 | D:6      | Noticed achirane's ghost (average DEFi)
  4715 | D:6      | Killed achirane's ghost
  4764 | D:6      | Found a sacrificial altar of Ru.
  4946 | D:7      | Reached XP level 9. HP: 67/75 MP: 7/9
  5024 | D:7      | Reached skill level 7 in Dodging
  5158 | D:7      | Found an iron altar of Okawaru.
  5173 | D:7      | Acquired Dithmenos' first power
  5276 | D:7      | Noticed Edmund
  5286 | D:7      | Killed Edmund
  5288 | D:7      | Found a sparkling altar of Nemelex Xobeh.
  5464 | D:7      | Found a basalt altar of Yredelemnul.
  5474 | D:7      | Gained mutation: You can spit poison. [mutagenic meat]
  5498 | D:7      | Found a deep blue altar of Sif Muna.
  5793 | D:8      | Found Pnism's Armour Shop.
  5805 | D:8      | Bought a +0 cloak for 54 gold pieces
  5866 | D:8      | Found a staircase to the Lair.
  5884 | D:8      | Reached skill level 8 in Dodging
  5906 | D:8      | Slain by a yak

Action                   |  1- 3 |  4- 6 |  7- 9 || total
-------------------------+-------+-------+-------++-------
Melee: War axe           |    62 |       |       ||    62
       Club              |    33 |    42 |   311 ||   386
 Abil: Breathe Fire      |       |       |     2 ||     2
       Spit Poison       |       |       |     1 ||     1
  Use: Scroll            |     8 |     5 |     4 ||    17
       Potion            |       |       |     3 ||     3
 Stab: Sleeping          |     2 |       |     1 ||     3
  Eat: Bread ration      |     1 |       |     1 ||     2
       Meat ration       |       |     1 |     2 ||     3
       Beef jerky        |       |     1 |       ||     1
       Chunk             |       |       |     1 ||     1
